 Dungeon Crawl Stone Soup version 0.23.2-33-g5129a83184 (webtiles) character file.

Game seed: 16680280897595932896

2142 psyvane the Quickloader (level 9, -6/54 (55) HPs)
             Began as a Kobold Arcane Marksman on July 11, 2019.
             Was a Believer of Nemelex Xobeh.
             Mangled by a bullfrog (8 damage)
             ... on level 6 of the Dungeon.
             The game lasted 00:47:07 (8700 turns).

psyvane the Quickloader (Kobold Arcane Marksman)    Turns: 8700, Time: 00:47:08

HP:   -6/54 (55)    AC:  4    Str: 13    XL:     9   Next: 56%
MP:   10/10         EV: 18    Int: 16    God:    Nemelex Xobeh [**....]
Gold: 289           SH:  0    Dex: 16    Spells: 0/10 levels left

rFire    . . .     SeeInvis .   A - +2 short sword (venom)
rCold    . . .     Gourm    .   (shield restricted)
rNeg     . . .     Faith    .   e - +0 robe
rPois    .         Spirit   .   (no helmet)
rElec    .         Reflect  .   (no cloak)
rCorr    .         Harm     .   p - +1 pair of gloves
MR       +....                  (no boots)
Stlth    ++........             (no amulet)
HPRegen  0.18/turn              w - ring of Xom's Whimsicality {+Fly Stlth+}
MPRegen  0.12/turn              h - ring of protection from magic

@: mighty
A: small, carnivore
a: Draw Escape, Draw Destruction, Draw Summoning, Renounce Religion, Evoke
Flight


You were on level 6 of the Dungeon.
You worshipped Nemelex Xobeh.
Nemelex Xobeh was pleased with you.
You were very full.

You visited 1 branch of the dungeon, and saw 7 of its levels.

You collected 289 gold pieces.

Inventory:

Hand Weapons
 a - a +0 hand crossbow
 n - a +4 short sword
 y - a +4 whip of draining
 z - a +1 short sword of draining
 A - a +2 short sword of venom (weapon)
Missiles
 d - 40 bolts
Armour
 e - a +0 robe (worn)
 p - a +1 pair of gloves (worn)
Jewellery
 h - a ring of protection from magic (right hand)
 w - the ring of Xom's Whimsicality (left hand) {+Fly Stlth+}
   (You found it on level 5 of the Dungeon)

   [ring of flight]

   It lets you fly.
   It makes you more stealthy.
Wands
 r - a wand of random effects (9)
 x - a wand of digging (4)
Scrolls
 c - a scroll of teleportation {unknown}
 g - a scroll of noise {unknown}
 l - a scroll of amnesia
 s - 2 scrolls of magic mapping {unknown}
 t - 3 scrolls of identify
 v - a scroll of fog {unknown}
Potions
 b - 2 potions of magic
 i - a potion of invisibility {unknown}
 j - 2 potions of agility {unknown}
 k - a potion of ambrosia {unknown}
 m - a potion of lignification {unknown}
 o - 2 potions of might
 q - a potion of degeneration {unknown}
 u - 2 potions of brilliance {unknown}
Comestibles
 f - 12 rations
 B - 3 chunks of flesh


   Skills:
 * Level 6.2 Fighting
 - Level 10.3 Crossbows
 * Level 5.0 Dodging
 - Level 1.1 Spellcasting
 - Level 6.0 Hexes


You couldn't memorise any spells.
You knew the following spells:

 Your Spells              Type           Power        Failure   Level  Hunger
a - Corona                Hex            ###....      1%          1    ##.....
b - Slow                  Hex            ###.....     2%          2    ###....
c - Portal Projectile     Hex/Tloc       ##....       21%         3    ####...
d - Leda's Liquefaction   Hex/Erth       ##........   54%         4    #####..

Your spell library contained the following spells:

 Spells                   Type           Power        Failure   Level  Hunger
 Cause Fear               Hex            ###.......   19%         4    #####..
 Inner Flame              Hex/Fire       ##......     21%         3    ####...


Dungeon Overview and Level Annotations

Branches:
Dungeon (7/15)
 Temple: D:4-7

Altars:
Fedhas
Kikubaaqudgha
Makhleb
Nemelex Xobeh
Okawaru
Qazlal
Trog
Uskayaw
Vehumet

Annotations:
D:6 2 runed translucent doors, Folque's ghost, novice HuSu
D:7 1 transporter


Innate Abilities, Weirdness & Mutations

You are small and have problems with some larger weapons.
You are carnivorous and can eat meat at any time.


Message History

* * * LOW HITPOINT WARNING * * *
Okay, then.
Okay, then.
Firing (i - inventory) No suitable missiles.
Press: ? - help, Shift-Dir - straight line, f - bullfrog
Aim: a bullfrog
Okay, then.
You draw a card...
You have drawn Pain.
Press: ? - help, Shift-Dir - straight line, f - bullfrog
Aim: a bullfrog The bullfrog barely resists.
The bullfrog hits you but does no damage.
The bullfrog closely misses you.
You draw a card...
You have drawn the Illusion.
Suddenly you stand beside yourself.
The deck of cards glows with a rainbow of weird colours and disappears.
The bullfrog hits you!
You die...
Your body glows slightly and disappears.

#.# #.# ###### #.# #.#
#....#####.# #.# #.#......#.#
#######.# ##.#..###.#.# #........
######.....###.#.# #.#####..
####..............#.#####.#######
..............##................)
.###.###..##....@...#####.#######
.# #.# #.......@.F### #.# # .#
#.# ##.##.###..# #.# .# #.##
#.##.# #..# #.# .# #..# #.##.#
#..#### #.####### .# ##รท###.##.#
#.....# #......(. .# #.##)..<.#
#.###.# ######### .#
#.##..######.# #.# .#
#.##......[..# #.#


You could see a bullfrog and the friendly psyvane's illusion.

Vanquished Creatures
  Sigmund (D:4)
  A phantom (D:6)
  An ogre (D:6)
  2 necrophages
  2 centaurs (D:5)
  A big kobold (D:7)
  2 bullfrogs (D:6)
  3 crimson imps
  3 howler monkeys
  A quasit (D:5)
  A jelly (D:5)
  9 orc priests
  A hound (D:6)
  2 bullfrog zombies (D:6)
  7 orc wizards
  2 worker ants
  A worker ant zombie (D:5)
  7 gnolls
  8 adders
  3 shadow imps (D:5)
  2 oozes
  2 adder zombies (D:5)
  2 worms
  5 dart slugs
  3 leopard geckos
  21 orcs
  6 ball pythons
  9 giant cockroaches
  10 goblins
  14 hobgoblins
  11 jackals
  9 kobolds
  3 quokkas
  7 bats
  4 frilled lizards
  2 jackal skeletons
  2 quokka skeletons (D:4)
  8 rats
178 creatures vanquished.

Vanquished Creatures (collateral kills)
  Edmund (D:4)
1 creature vanquished.

Grand Total: 179 creatures vanquished

Notes
Turn   | Place    | Note
-------+----------+-------------------------------------------
     0 | D:1      | psyvane the Kobold Arcane Marksman began the quest for the
                  | Orb.
     0 | D:1      | Reached XP level 1. HP: 12/12 MP: 2/2
    92 | D:1      | Reached XP level 2. HP: 16/16 MP: 3/3
    97 | D:1      | Reached skill level 3 in Crossbows
   450 | D:1      | Reached XP level 3. HP: 8/20 MP: 2/4
   939 | D:1      | Reached skill level 4 in Crossbows
  1432 | D:2      | Learned a level 2 spell: Slow
  2227 | D:2      | Reached XP level 4. HP: 7/25 MP: 1/5
  2563 | D:2      | Found a bloodstained altar of Trog.
  2738 | D:2      | Found a sparkling altar of Nemelex Xobeh.
  2742 | D:2      | Found a hide-covered altar of Uskayaw.
  2749 | D:2      | Found a stormy altar of Qazlal.
  2749 | D:2      | Found a blossoming altar of Fedhas.
  2757 | D:2      | Became a worshipper of Nemelex Xobeh the Trickster
  2762 | D:2      | Found a burning altar of Makhleb.
  2797 | D:2      | Received a gift from Nemelex Xobeh
  2851 | D:2      | Reached skill level 5 in Crossbows
  3176 | D:2      | Found an ancient bone altar of Kikubaaqudgha.
  3427 | D:3      | Reached XP level 5. HP: 29/29 MP: 6/6
  3922 | D:3      | Reached skill level 6 in Crossbows
  4412 | D:3      | Learned a level 3 spell: Portal Projectile
  4726 | D:3      | Reached * piety under Nemelex Xobeh
  5047 | D:4      | Noticed Sigmund
  5098 | D:4      | Reached XP level 6. HP: 28/34 MP: 5/7
  5120 | D:4      | Reached skill level 7 in Crossbows
  5212 | D:4      | Killed Sigmund
  5212 | D:4      | Reached skill level 8 in Crossbows
  5212 | D:4      | Reached XP level 7. HP: 37/38 MP: 3/8
  5368 | D:4      | Noticed Edmund
  5589 | D:4      | Killed Edmund
  5774 | D:5      | Entered Level 5 of the Dungeon
  5797 | D:5      | Got a shimmering turquoise ring
  5834 | D:5      | Identified the ring of Xom's Whimsicality {+Fly Stlth+}
                  | (You found it on level 5 of the Dungeon)
  5849 | D:5      | Reached skill level 9 in Crossbows
  6086 | D:5      | Found a radiant altar of Vehumet.
  6230 | D:5      | Reached XP level 8. HP: 30/43 MP: 5/9
  6302 | D:5      | Reached ** piety under Nemelex Xobeh
  6382 | D:5      | Reached skill level 10 in Crossbows
  6612 | D:5      | Received a gift from Nemelex Xobeh
  6967 | D:5      | Reached skill level 5 in Hexes
  7897 | D:6      | Reached XP level 9. HP: 49/49 MP: 3/10
  7903 | D:6      | Learned a level 4 spell: Leda's Liquefaction
  8076 | D:6      | Found an iron altar of Okawaru.
  8093 | D:6      | Reached skill level 5 in Fighting
  8464 | D:6      | Found a large runed translucent door.
  8464 | D:6      | Found a large runed translucent door.
  8464 | D:6      | Noticed Folque's ghost (novice HuSu)
  8549 | D:7      | Received a gift from Nemelex Xobeh
  8549 | D:7      | Found a transporter.
  8549 | D:7      | Noticed a hippogriff
  8688 | D:7      | Reached skill level 5 in Dodging
  8698 | D:6      | HP: 2/54 [bullfrog (6)]
  8700 | D:6      | Mangled by a bullfrog

Skill      XL: |  1  2  3  4  5  6  7  8  9 |
---------------+----------------------------+-----
Crossbows      | 3 4 5 6 8 9 10 | 10.3
Hexes          | 6 |  6.0
Fighting       | 3 6 |  6.2
Dodging        | 3 5 |  5.0
Spellcasting   | |  1.1

Action                   |  1- 3 |  4- 6 |  7- 9 || total
-------------------------+-------+-------+-------++-------
Melee: Dagger            |   140 |    89 |       ||   229
       Short sword       |       |    29 |     4 ||    33
 Fire: Hand crossbow     |    33 |   101 |   292 ||   426
 Cast: Corona            |    23 |    27 |    26 ||    76
       Slow              |       |    11 |     8 ||    19
 Abil: Draw Escape       |       |     1 |     3 ||     4
       Draw Destruction  |       |       |     5 ||     5
       Draw Summoning    |       |       |     3 ||     3
  Use: Scroll            |     4 |     5 |     3 ||    12
       Potion            |       |     3 |     1 ||     4
 Stab: Sleeping          |       |     1 |       ||     1
  Eat: Chunk             |    13 |    12 |    11 ||    36
Armor: Robe              |    23 |    33 |    25 ||    81
Dodge: Dodged            |   142 |   121 |   146 ||   409
